 Dungeon Crawl Stone Soup version 0.32-a0-913-g739538afd8 (webtiles) character file.

Game seed: 10989183546472176851

162273 HilariousDeathArtist the Warrior (level 17, 0/149 HPs)
             Began as a Demonspawn Brigand on Apr 9, 2024.
             Was the Champion of Trog.
             Shot with an arrow by a satyr (17 damage)
             ... on level 4 of the Shoals.
             The game lasted 00:45:58 (31807 turns).

HilariousDeathArtist the Warrior (DsBr)            Turns: 31807, Time: 00:45:58

Health: 0/149      AC: 22    Str: 13    XL:     17   Next: 21%
Magic:  17/17      EV: 17    Int: 14    God:    Trog [******]
Gold:   996        SH: 13    Dex: 25    Spells: 16/16 levels left

rFire   + . .        a - +9 quick blade (vamp)
rCold   + + .        c - +0 buckler {AC+3}
rNeg    . . .        t - +7 chain mail of Attuff {+Blink rC+}
rPois   .            (helmet unavailable)
rElec   .            Q - scarf {rC+ rF+}
rCorr   .            k - +0 pair of gloves
SInv    .            m - +2 pair of boots {Stlth+}
Will    +++..        f - amulet of Qilynt {Regen+ RegenMP+ Str+2 Int+2}
Stlth   +            B - ring of flight {+Fly, !d}
HPRegen 2.24/turn    L - +5 ring of evasion
MPRegen 0.70/turn

%: no passive effects
@: strong-willed, spiked, flying, regenerating
A: horns 3, large bone plates 3, foul stench 2, magic regeneration, talons 1,
agile 1
a: Renounce Religion, Evoke Blink, Berserk, Trog's Hand, Brothers in Arms


You were on level 4 of the Shoals.
You worshipped Trog.
Trog was exalted by your worship.
You visited 5 branches of the dungeon, and saw 27 of its levels.
You also visited: Gauntlet.

You collected 3747 gold pieces.
You spent 2751 gold pieces at shops.

Inventory:

Hand Weapons
 a - a +9 vampiric quick blade (weapon)
   (Trog gifted it to you on level 12 of the Dungeon)
 b - the +5 sling "Vattuigh" {antimagic, rC+}
   (You bought it in a shop on level 14 of the Dungeon)

   rC+:       It protects you from cold.
 g - the +7 arbalest "Jigit" {drain, rCorr}
   (You took it off a minotaur in a Gauntlet)

   rCorr:     It protects you from acid and corrosion.
Missiles
 e - 6 curare-tipped darts
 h - a boomerang
 s - 25 stones
 u - a javelin
 w - 5 poisoned darts
Armour
 c - a +0 buckler of protection (worn)
   (You took it off a tengu warrior on level 14 of the Dungeon)
 k - a +0 pair of gloves (worn)
   (You found it on level 14 of the Dungeon)
 m - a +2 pair of boots of stealth (worn)
   (You found it in a Gauntlet)
 t - the +7 chain mail of Attuff (worn) {+Blink rC+}
   (You found it on level 3 of the Shoals)

   rC+:       It protects you from cold.
   +Blink:    It lets you blink.
 Q - a scarf of resistance (worn)
   (You found it on level 9 of the Dungeon)
 X - the +0 ring mail "Ecukhua" {+Blink Fly rN+ Slay+3}
   (You bought it in a shop on level 2 of the Orcish Mines)

   Slay+3:    It affects your accuracy & damage with ranged weapons and melee
   (+3).
   rN+:       It protects you from negative energy.
   Fly:       It grants you flight.
   +Blink:    It lets you blink.
Jewellery
 f - the amulet of Qilynt (around neck) {Regen+ RegenMP+ Str+2 Int+2}
   (You found it in a Gauntlet)

   [amulet of magic regeneration]

   It increases your rate of magic regeneration.
   Str+2:     It affects your strength (+2).
   Int+2:     It affects your intelligence (+2).
   Regen+:    It increases your rate of health regeneration.
   RegenMP+:  It increases your rate of magic regeneration.
 x - the ring of the Oily God {Ice rElec Int+3 Slay+3}
   (You found it in a Gauntlet)

   [ring of ice]

   Ice:       It enhances your ice magic.
   Int+3:     It affects your intelligence (+3).
   Slay+3:    It affects your accuracy & damage with ranged weapons and melee
   (+3).
   rF-:       It makes you vulnerable to fire.
   rC+:       It protects you from cold.
   rElec:     It insulates you from electricity.
 A - a ring of poison resistance {rPois, !d}
   (You found it on level 1 of the Dungeon)
 B - a ring of flight (left hand) {+Fly, !d}
   (You found it on level 4 of the Shoals)
 L - a +5 ring of evasion (right hand)
   (You found it on level 10 of the Dungeon)
 V - a ring of see invisible {sInv, !d}
   (You took it off an orc on level 8 of the Dungeon)
Wands
 d - a wand of digging (7)
   (You found it on level 2 of the Shoals)
 i - a wand of warping (53)
   (You found it on level 5 of the Dungeon)
 j - a wand of polymorph (7)
   (You found it on level 13 of the Dungeon)
 p - a wand of paralysis (4)
   (You found it on level 1 of the Lair of Beasts)
 q - a wand of flame (8)
   (You found it on level 3 of the Shoals)
 y - a wand of mindburst (6)
   (You took it off an orc on level 6 of the Dungeon)
Scrolls
 o - 2 scrolls of poison {!r}
 v - 6 scrolls of butterflies
 E - 3 scrolls of fear
 G - 8 scrolls of revelation
 K - 3 scrolls of immolation {!r}
 S - 4 scrolls of fog
 Y - 11 scrolls of teleportation {@r3}
Potions
 l - a potion of attraction {!q}
 n - 3 potions of enlightenment
 r - 4 potions of might
 C - a potion of cancellation
 H - 3 potions of haste
 I - a potion of invisibility
 J - 8 potions of curing {@q1}
 M - 4 potions of magic
 N - 4 potions of heal wounds {@q2}
 P - 2 potions of lignification {!q}
 R - 4 potions of resistance
 T - 4 potions of berserk rage {!q}
 U - 5 potions of mutation {!q}
Miscellaneous
 z - a box of beasts (inert)
   (You found it in a Gauntlet)


   Skills:
 + Level 18.1 Fighting
 - Level 14.0 Short Blades
 + Level 6.0 Ranged Weapons
 - Level 1.7 Throwing
 + Level 13.1 Dodging
 - Level 3.6 Stealth
 + Level 15.3 Evocations


You had 16 spell levels left.
You didn't know any spells.
Your spell library contained the following spells:

 Spells                   Type           Power      Damage    Failure   Level
 Maxwell's Portable Pile  Tloc           0%         2d(5-13)  100%        3
 Animate Armour           Summ/Erth      0%         N/A       100%        4
 Summon Lightning Spire   Summ/Air       0%         N/A       100%        4
 Arcjolt                  Conj/Air       0%         1d10      100%        5
 Lee's Rapid Deconstruct  Erth           0%         3d4*      100%        5
 Maxwell's Capacitive Co  Air            0%         ∞         100%        8


Dungeon Overview and Level Annotations

Branches:
Dungeon (15/15)            Temple (1/1) D:5            Lair (5/5) D:10
 Shoals (4/4) Lair:2       Spider (0/4) Lair:2        Slime (0/5) Lair:4
    Orc (2/2) D:12            Elf (0/3) Orc:2        Vaults (0/5) D:14
 Depths (0/4) D:15        Gauntlet (visited)

Altars:
Ashenzari
Cheibriados
Dithmenos
Fedhas
Gozag
Hepliaklqana
Kikubaaqudgha
Makhleb
Nemelex Xobeh
Okawaru
Qazlal
Ru
Sif Muna
Trog
Uskayaw
Vehumet
Wu Jian
Xom
Yredelemnul
Jiyva
Lugonu

Shops:
D:4 *((!*   D:7 ?   D:14 (   Orc:2 [:*[

Portals:
Abyss: Lair:5

Annotations:
D:3 Sigmund
D:9 1 runed translucent door, Ikimono's ghost, novice DgEE
D:10 3 runed translucent doors, Hubris850's ghost, journeyman CoGl
Shoals:3 3 runed translucent doors, Hicvu's ghost, adept DsGl
Shoals:4 Polyphemus
Orc:2 3 runed translucent doors, Fodor's ghost, novice MiFi


Innate Abilities, Weirdness & Mutations

You have a pair of large horns on your head.
You are completely covered in large bone plates. (SH +8)
You sometimes emit foul miasma when damaged in melee.
You regenerate magic rapidly.
You have sharp toenails.
You are agile. (Dex +4, Str/Int -1)


Message History

You regained 12 hp, and now have 123/149 hp.
You hit the catoblepas but do no damage.
You headbutt the catoblepas. You hit the catoblepas.
You feel better.
The satyr plays a frightful melody on its pipes!
The satyr radiates an aura of fear!
You resist with some effort. The catoblepas barely misses you.
The death yak gores you!
You take 11 damage, and have 112/149 hp.
You hit the catoblepas but do no damage.
You puncture the catoblepas!
You feel better.
You headbutt the catoblepas.
The merfolk hits you but does no damage.
You regained 7 hp, and now have 119/149 hp.
You hit the catoblepas but do no damage. x2
You headbutt the catoblepas, but do no damage.
The satyr shoots an arrow.
The arrow hits you!! The death yak barely misses you.
The catoblepas gores you but does no damage.
You take 23 damage, and have 96/149 hp.
You hit the catoblepas.
You feel better.
You hit the catoblepas.
You feel better.
The sea snake stops moving altogether!
You block the merfolk's attack. The catoblepas barely misses you.
The death yak gores you.
You emit a cloud of foul miasma!
The satyr plays a frightful melody on its pipes!
The satyr radiates an aura of fear!
You are terrified of the satyr!
You hit the catoblepas.
You kill the catoblepas!
Trog accepts your kill. You block the merfolk's attack.
Your Ranged Weapons skill increases to level 6!
You regained 10 hp, and now have 106/149 hp.
You blink.
You are no longer terrified.
The death yak is engulfed in dark miasma.
The death yak is poisoned.
The death yak seems to slow down.
The merfolk hits you but does no damage.
Unknown command.
You hit the death yak. You puncture the death yak! You headbutt the death yak.
The death yak is no longer moving slowly.
You block the death yak's attack.
You barely miss the death yak. You headbutt the death yak.
You completely miss the death yak. The merfolk misses you.
The manticore flicks its tail.
The volley of spikes misses you.
You puncture the death yak! You barely miss the death yak.
The death yak gores you but does no damage.
The merfolk closely misses you.
The manticore flicks its tail.
The volley of spikes skewers you!
Barbed spikes become lodged in your body.
You block the death yak's attack.
You take 9 damage, and have 100/149 hp.
You hit the death yak. x2; You feel better.
Your headbutt misses the death yak. You block the merfolk's attack.
The manticore flicks its tail.
The volley of spikes skewers you!!
More barbed spikes become lodged in your body.
You take 16 damage, and have 84/149 hp.
You are too injured to fight recklessly!
You are too injured to fight recklessly!
You are too injured to fight recklessly!
You are too injured to fight recklessly!
You are too injured to fight recklessly!
You are too injured to fight recklessly!
Unknown command.
You hit the death yak.
You headbutt the death yak, but do no damage.
You hit the death yak.
You feel better.
You headbutt the death yak. The death yak gores you!
You take 11 damage, and have 73/149 hp.
You hit the death yak. x2
You feel ready to blink again. You block the merfolk's attack.
The manticore flicks its tail.
The volley of spikes skewers you but does no damage.
You hit the death yak.
You kill the death yak!
Trog accepts your kill.
The barbed spikes dig painfully into your body as you move.
You block the merfolk's attack.
Things that are here:
a +0 trident; a death yak corpse You take 7 damage, and have 67/149 hp.
You puncture the merfolk! You barely miss the merfolk.
The merfolk hits you with a +0 trident!
The satyr shoots an arrow.
The arrow completely misses you.
You take 13 damage, and have 54/149 hp.
Your skin crawls.
You feel strong-willed. The merfolk completely misses you.
The satyr shoots an arrow.
The arrow hits you!!
* * * LOW HITPOINT WARNING * * *
The barbed spikes dig painfully into your body as you move.
* * * LOW HITPOINT WARNING * * *
The merfolk completely misses you. The manticore bites you!
* * * LOW HITPOINT WARNING * * *
You emit a cloud of foul miasma!
The manticore claws you but does no damage.
The manticore closely misses you.
The satyr shoots an arrow.
The arrow hits you!
You die...

≈≈≈≈≈##≈≈≈≈≈##†~~≈≈≈≈≈≈≈≈
≈≈≈≈≈≈ ≈≈≈≈##
#....~##~~~~~≈≈≈≈≈ ≈≈≈≈≈≈
≈≈≈≈# .≈≈..~#~~~~~~~~~≈
≈≈≈≈≈≈ ≈≈≈≈#≈.
#≈#..#~~~~~~~~~~ ≈≈≈≈≈≈
≈≈≈≈#≈c≈##≈≈..#~~~~~~~~~~
≈≈≈≈≈≈
≈≈≈≈#≈.≈≈≈≈.c.#~~~~~~~~~.
≈≈≈≈≈≈ ≈≈≈~#
#≈..#.#.~~~~~~~~. ~≈≈≈≈≈
≈≈≈~# #†#.).....~~~.
~~~≈≈~ ≈≈≈≈~
#~....#†mH@....~~~.
~~~~≈~
######..S.......~~.
####~~ .............~$~#
##~ ....$....?...~~#~ ##
.H.............~#~# #
...............~#.) #
...............~# #
...............~# # #


You could see a satyr, a sea snake, a merfolk and a manticore.

Vanquished Creatures
  Jorgrun (D:13)
  A kraken (Shoals:2)
  Kirke (D:12)
  A very ugly thing (D:15)
  A minotaur (Gauntlet)
  A merfolk javelineer (Shoals:3)
  An ettin (Orc:2)
  Erolcha (D:13)
  Fannar (D:11)
  6 hydras
  2 ogre magi (Orc:2)
  A great orb of eyes (D:15)
  2 catoblepae
  5 merfolk avatars (Shoals:2)
  4 boulder beetles
  13 two-headed ogres
  14 death yaks
  3 centaur warriors
  An alligator snapping turtle (Shoals:3)
  2 tengu warriors (D:14)
  Urug (Orc:2)
  An orc high priest (Orc:1)
  4 thrashing horrors (Lair:5)
  Nergalle (Lair:3)
  Sonja (Lair:3)
  8 skysharks
  Lodul (D:13)
  2 deep trolls (Orc:2)
  A death drake (shapeshifter) (D:15)
  An arcanist (Gauntlet)
  9 sea snakes
  2 necromancers (D:14)
  8 harpies
  An orc knight (D:15)
  A wolf spider (D:15)
  2 large abominations (Lair:5)
  An obsidian bat (Orc:1)
  3 deep elf pyromancers
  17 fauns
  2 orc sorcerers
  12 cyclopes
  14 ugly things
  3 meliai (Gauntlet)
  4 kobold blastminers (Orc:1)
  7 manticores
  9 merfolk sirens
  Joseph (D:8)
  4 black mambas
  2 torpor snails
  2 elephants (Lair:2)
  An eye of devastation (Lair:4)
  10 cane toads
  2 smoke demons (Lair:5)
  5 water nymphs
  4 gargoyles
  Maggie (D:6)
  A rime drake (shapeshifter) (Lair:5)
  A rime drake (Lair:3)
  An unseen horror (shapeshifter) (Lair:5)
  12 komodo dragons
  2 efreet
  12 trolls
  5 polar bears
  A wind drake (shapeshifter) (Lair:5)
  4 wind drakes
  A hornet (shapeshifter) (D:14)
  11 merfolk
  24 blink frogs
  A jumping spider (Lair:2)
  2 raiju (Lair:5)
  23 dream sheep
  A glass eye (Lair:4)
  A tarantella (Lair:2)
  8 snapping turtles
  9 slime creatures
  A centaur simulacrum (Gauntlet)
  A ynoxinul (Lair:5)
  A spriggan (Lair:5)
  2 shadows (D:10)
  A wraith (D:12)
  6 wyverns
  A water elemental (Shoals:3)
  75 yaks
  A golden eye (shapeshifter) (Lair:5)
  6 hogs (D:12)
  4 wargs
  14 basilisks
  4 steam dragons
  Edmund (D:4)
  15 vampire mosquitoes
  Menkaure (D:6)
  A harpy simulacrum (Gauntlet)
  15 water moccasins
  2 acid dragons
  16 orc warriors
  A sky beast (D:6)
  A meliai simulacrum (D:15)
  An ice beast (D:6)
  2 black bears
  An ogre (shapeshifter) (D:15)
  4 boggarts (D:15)
  26 ogres
  28 wolves
  6 centaurs
  A phantom (D:5)
  3 kobold brigands
  19 bullfrogs
  2 gnoll sergeants (D:9)
  5 scorpions
  12 small abominations (Lair:5)
  3 wights
  9 killer bees (D:8)
  4 electric eels
  5 howler monkeys
  3 jellies
  2 bombardier beetles
  3 hounds
  A gnoll bouda (D:8)
  6 orc priests
  2 sleepcaps
  27 orc wizards
  A boggart simulacrum (Gauntlet)
  13 gnolls
  7 adders
  3 shadow imps
  A white imp (Gauntlet)
  4 ufetubi (D:6)
  4 dart slugs
  A ribbon worm (D:2)
  81 orcs
  3 endoplasms
  8 goblins
  10 hobgoblins
  3 jackals (D:1)
  3 quokkas
  7 ball pythons
  3 bats
  A frilled lizard (D:2)
  17 kobolds
  4 rats
  11 tentacles
860 creatures vanquished.

Vanquished Creatures (collateral kills)
  A kraken (Shoals:3)
  Agnes (D:14)
  2 merfolk impalers (Shoals:1)
  A hydra (D:14)
  A tengu warrior (D:14)
  3 two-headed ogres (D:14)
  An arcanist (D:14)
  A faun (Shoals:1)
  A merfolk siren (Shoals:1)
  A tengu conjurer (D:14)
  A merfolk (Shoals:1)
  A troll (D:14)
  3 slime creatures (D:14)
  2 tentacles (Shoals:3)
20 creatures vanquished.

Vanquished Creatures (others)
  20 tentacles
20 creatures vanquished.

Grand Total: 900 creatures vanquished

Notes
Turn   | Place    | Note
-------+----------+-------------------------------------------
     0 | D:1      | HilariousDeathArtist the Demonspawn Brigand began the quest
                  | for the Orb.
     0 | D:1      | Reached XP level 1. HP: 16/16 MP: 1/1
    98 | D:1      | Gained mutation: You are partially covered in large bone
                  | plates. (SH +4) [demonic ancestry]
    98 | D:1      | Reached XP level 2. HP: 23/23 MP: 2/2
   265 | D:1      | Reached skill level 3 in Fighting
   280 | D:1      | HP: 5/24 [quokka (3)]
   815 | D:1      | Gained mutation: You have a pair of small horns on your
                  | head. [demonic ancestry]
   815 | D:1      | Reached XP level 3. HP: 27/29 MP: 3/3
  1171 | D:2      | Reached skill level 4 in Fighting
  1194 | D:2      | Reached XP level 4. HP: 20/38 MP: 4/4
  2055 | D:3      | Noticed a scorpion
  2066 | D:3      | Killed a scorpion
  2067 | D:3      | Reached skill level 5 in Fighting
  2067 | D:3      | Gained mutation: You are mostly covered in large bone
                  | plates. (SH +6) [demonic ancestry]
  2067 | D:3      | Reached XP level 5. HP: 27/44 MP: 5/5
  2183 | D:3      | Noticed Sigmund
  2539 | D:4      | Found Qefed's Distillery.
  2540 | D:4      | Noticed Edmund
  2545 | D:5      | Entered Level 5 of the Dungeon
  2597 | D:5      | Reached skill level 6 in Fighting
  2664 | D:5      | Noticed a phantom
  2680 | D:5      | HP: 11/46 [phantom (4)]
  2689 | D:5      | HP: 2/46 [phantom (6)]
  2693 | D:5      | Killed a phantom
  2694 | D:5      | Reached XP level 6. HP: 40/53 MP: 6/6
  2889 | D:5      | HP: 13/53 [poisoned by a scorpion]
  2890 | D:5      | Reached skill level 7 in Fighting
  3238 | D:5      | Found a staircase to the Ecumenical Temple.
  3251 | D:5      | Reached XP level 7. HP: 31/61 MP: 7/7
  3351 | Temple   | Entered the Ecumenical Temple
  3368 | Temple   | Became a worshipper of Trog the Wrathful
  3453 | D:4      | Identified the +0 scale mail of Hedonism {rN++}
  3510 | D:4      | Found a shadowy altar of Dithmenos.
  3558 | D:4      | Found Ryfyimuch's Weapon Boutique.
  3587 | D:4      | HP: 14/61 [black bear (5)]
  3589 | D:4      | Reached skill level 8 in Fighting
  3592 | D:4      | HP: 10/62 [poisoned by a scorpion]
  3597 | D:4      | HP: 7/63 [poisoned by a scorpion]
  3801 | D:4      | Found Laqoad's Weapon Boutique.
  3812 | D:4      | Bought a +1 rapier of venom for 129 gold pieces
  3867 | D:4      | Found a burning altar of Makhleb.
  3884 | D:4      | HP: 13/63 [Edmund/+0 flail of venom (9)]
  3893 | D:4      | Killed Edmund
  3894 | D:4      | Reached skill level 2 in Short Blades
  4080 | D:4      | Found Ebeguqim's Assorted Antiques.
  4159 | D:4      | Found Logerchuq's Assorted Antiques.
  4167 | D:4      | Bought a scroll labelled CUFIEV TINWI for 18 gold pieces
  4167 | D:4      | Bought an inky potion for 16 gold pieces
  4192 | D:4      | Found a hazy altar of Hepliaklqana.
  4584 | D:5      | Reached skill level 3 in Short Blades
  4731 | D:6      | Found a radiant altar of Vehumet.
  4743 | D:6      | Reached skill level 9 in Fighting
  4743 | D:6      | Reached XP level 8. HP: 58/71 MP: 8/8
  4823 | D:6      | Reached * piety under Trog
  5051 | D:6      | Noticed Menkaure
  5054 | D:6      | Killed Menkaure
  5055 | D:6      | Reached skill level 4 in Short Blades
  5066 | D:6      | Noticed Maggie
  5131 | D:6      | Gained mutation: You have sharp toenails. [potion of
                  | mutation]
  5131 | D:6      | Gained mutation: You are agile. (Dex +4, Str/Int -1)
                  | [potion of mutation]
  5147 | D:6      | Killed Maggie
  5148 | D:6      | Reached skill level 5 in Short Blades
  5153 | D:6      | Reached skill level 10 in Fighting
  5181 | D:6      | HP: 18/72 [ufetubus (2)]
  5186 | D:6      | HP: 14/72 [burnt (3)]
  5929 | D:7      | Reached skill level 1 in Evocations
  5931 | D:7      | Reached XP level 9. HP: 72/78 MP: 9/9
  6076 | D:7      | Found Sotrecla's Magic Scroll Boutique.
  6193 | D:7      | HP: 26/118 [orc/+0 war axe (9)]
  6196 | D:7      | Reached skill level 2 in Evocations
  6201 | D:7      | HP: 11/79 [orc wizard/+0 dagger (3)]
  6488 | D:7      | Reached skill level 6 in Short Blades
  6492 | D:7      | Reached ** piety under Trog
  6693 | D:7      | Reached skill level 3 in Evocations
  7118 | D:4      | Bought a potion of heal wounds for 55 gold pieces
  7118 | D:4      | Bought a potion of curing for 33 gold pieces
  7392 | D:8      | Reached skill level 11 in Fighting
  7513 | D:8      | Reached skill level 4 in Evocations
  7637 | D:8      | Noticed a gargoyle
  7649 | D:8      | Killed a gargoyle
  7650 | D:8      | Reached skill level 7 in Short Blades
  8058 | D:8      | Reached *** piety under Trog
  8060 | D:8      | Noticed Joseph
  8072 | D:8      | Killed Joseph
  8073 | D:8      | Gained mutation: You have a pair of horns on your head.
                  | [demonic ancestry]
  8073 | D:8      | Reached XP level 10. HP: 63/88 MP: 10/10
  8445 | D:8      | Reached skill level 5 in Evocations
  8927 | D:9      | Reached skill level 1 in Dodging
  8927 | D:9      | Reached skill level 6 in Evocations
  8929 | D:9      | Found a broken altar of Ashenzari.
  8993 | D:9      | Reached **** piety under Trog
  8994 | D:9      | Reached skill level 8 in Short Blades
  9335 | D:9      | Reached skill level 12 in Fighting
  9555 | D:9      | Found a runed translucent door.
  9555 | D:9      | Noticed Ikimono's ghost (novice DgEE)
  9628 | D:9      | Reached skill level 2 in Dodging
  9842 | D:9      | Found a basalt altar of Yredelemnul.
  9843 | D:9      | Found a blossoming altar of Fedhas.
  9845 | D:9      | Found a sparkling altar of Nemelex Xobeh.
 10036 | D:10     | Entered Level 10 of the Dungeon
 10099 | D:10     | HP: 19/89 [yak (12)]
 10323 | D:10     | Found a runed translucent gate.
 10324 | D:10     | Found a runed translucent gate.
 10326 | D:10     | Found a runed translucent gate.
 10328 | D:10     | Noticed Hubris850's ghost (journeyman CoGl)
 10339 | D:10     | Noticed a tengu warrior
 10342 | D:10     | Noticed a four-headed hydra
 10431 | D:10     | Reached skill level 3 in Dodging
 10566 | D:10     | Gained mutation: You are completely covered in large bone
                  | plates. (SH +8) [demonic ancestry]
 10566 | D:10     | Reached XP level 11. HP: 96/96 MP: 11/11
 10581 | D:10     | Found a shimmering blue altar of Sif Muna.
 10993 | D:10     | Reached skill level 7 in Evocations
 11001 | D:10     | HP: 19/96 [komodo dragon (11)]
 11447 | D:10     | Found a staircase to the Lair.
 11653 | D:11     | Noticed a two-headed ogre
 11668 | D:11     | Killed a two-headed ogre
 11720 | D:11     | Noticed Fannar
 11963 | D:11     | Noticed a two-headed ogre
 11976 | D:11     | Killed a two-headed ogre
 11977 | D:11     | Reached skill level 9 in Short Blades
 11977 | D:11     | Reached skill level 4 in Dodging
 11997 | D:11     | Noticed a two-headed ogre
 12007 | D:11     | Killed a two-headed ogre
 12312 | D:11     | Noticed a two-headed ogre
 12326 | D:11     | Killed a two-headed ogre
 12327 | D:11     | Reached skill level 8 in Evocations
 12649 | D:11     | Killed Fannar
 12650 | D:11     | Reached skill level 13 in Fighting
 12837 | D:12     | Reached skill level 5 in Dodging
 12883 | D:12     | Reached ***** piety under Trog
 13159 | D:12     | Received a gift from Trog
 13233 | D:12     | Noticed a two-headed ogre
 13269 | D:12     | Gained mutation: You regenerate magic rapidly. [demonic
                  | ancestry]
 13269 | D:12     | Reached XP level 12. HP: 47/105 MP: 12/12
 13276 | D:12     | Killed a two-headed ogre
 13462 | D:12     | Noticed a boulder beetle
 13473 | D:12     | Killed a boulder beetle
 13476 | D:12     | HP: 26/105 [poisoned by an orc warrior]
 13478 | D:12     | HP: 12/105 [orc priest/nerve-wracking pain (10)]
 13483 | D:12     | HP: 21/105 [poisoned by an orc warrior]
 13492 | D:12     | Reached skill level 10 in Short Blades
 13521 | D:12     | Reached skill level 6 in Dodging
 13523 | D:12     | Reached skill level 9 in Evocations
 13723 | D:12     | Found a staircase to the Orcish Mines.
 13966 | D:12     | Noticed Kirke
 14450 | Lair:1   | Entered Level 1 of the Lair of Beasts
 14687 | Lair:1   | Noticed a six-headed hydra
 14694 | Lair:1   | Killed a six-headed hydra
 15572 | Lair:1   | Received a gift from Trog
 15752 | Lair:1   | Reached skill level 7 in Dodging
 15794 | Lair:1   | Reached skill level 14 in Fighting
 16225 | Lair:2   | Reached skill level 10 in Evocations
 16362 | Lair:2   | Gained mutation: You have a pair of large horns on your
                  | head. [demonic ancestry]
 16362 | Lair:2   | Reached XP level 13. HP: 102/113 MP: 13/13
 16394 | Lair:2   | Found a staircase to the Shoals.
 16488 | Lair:2   | Reached skill level 11 in Short Blades
 16911 | Lair:2   | Received a gift from Trog
 16948 | Lair:2   | Found a hole to the Spider Nest.
 16954 | Lair:2   | Reached skill level 8 in Dodging
 17635 | Lair:3   | Noticed Sonja
 17646 | Lair:3   | Killed Sonja
 17742 | Lair:3   | Noticed Nergalle
 17757 | Lair:3   | Killed Nergalle
 17824 | Lair:3   | Reached skill level 11 in Evocations
 18746 | Lair:4   | Reached skill level 15 in Fighting
 18830 | Lair:4   | Reached skill level 9 in Dodging
 18846 | Lair:4   | Identified a scroll of acquirement
 18849 | Lair:4   | Acquired 826 gold pieces
 19159 | Lair:4   | Reached XP level 14. HP: 123/123 MP: 14/14
 19162 | Lair:4   | Received a gift from Trog
 19201 | Lair:4   | Found a staircase to the Slime Pits.
 19201 | Lair:4   | Found a viscous altar of Jiyva.
 19221 | Lair:4   | Reached skill level 12 in Short Blades
 19790 | Lair:5   | Entered Level 5 of the Lair of Beasts
 20050 | Lair:5   | Identified the +0 chain mail of the Vaults {rPois Regen+
                  | Dex-2 Stlth+}
 20426 | Lair:5   | Reached skill level 12 in Evocations
 20432 | Lair:5   | Identified the +2 robe of Bihoaclumme {Rampage Str+2 SInv
                  | Stlth+}
 20437 | Lair:5   | Received a gift from Trog
 20441 | Lair:5   | Reached ****** piety under Trog
 20531 | Lair:5   | Found a corrupted altar of Lugonu.
 20531 | Lair:5   | Found a one-way gate to the infinite horrors of the Abyss.
 20787 | Lair:5   | HP: 36/186 [death yak (21)]
 20795 | Lair:5   | Reached skill level 10 in Dodging
 20833 | Lair:5   | HP: 16/124 [death yak (65)]
 20842 | Lair:5   | HP: 30/124 [death yak (18)]
 20905 | Lair:5   | Reached skill level 16 in Fighting
 21653 | Orc:1    | Entered Level 1 of the Orcish Mines
 21665 | Orc:1    | Received a gift from Trog
 21895 | Orc:1    | Reached skill level 13 in Short Blades
 21895 | Orc:1    | Gained mutation: You may rarely emit foul miasma when
                  | damaged in melee. [demonic ancestry]
 21895 | Orc:1    | Reached XP level 15. HP: 74/131 MP: 15/15
 22274 | Orc:2    | Entered Level 2 of the Orcish Mines
 22489 | Orc:2    | Found a staircase to the Elven Halls.
 22654 | Orc:2    | Received a gift from Trog
 22661 | Orc:2    | Reached skill level 13 in Evocations
 22670 | Orc:2    | HP: 17/131 [ettin/+0 dire flail (36)]
 22737 | Orc:1    | HP: 28/131 [ogre/+0 giant club (23)]
 22952 | Orc:2    | Found Maeliuph's Antique Armour Shop.
 23002 | Orc:2    | Found Acheefas's Book Emporium.
 23011 | Orc:2    | Found Itirry's Antique Armour Boutique.
 23025 | Orc:2    | Found Wugh's General Store.
 23055 | Orc:2    | Bought 2 potions of might for 128 gold pieces
 23055 | Orc:2    | Noticed Urug
 23064 | Orc:2    | Killed Urug
 23071 | Orc:2    | Reached skill level 11 in Dodging
 23312 | Orc:2    | Found a runed translucent gate.
 23312 | Orc:2    | Found a runed translucent gate.
 23312 | Orc:2    | Found a runed translucent gate.
 23313 | Orc:2    | Noticed Fodor's ghost (novice MiFi)
 23617 | Orc:2    | Bought a shimmering leather armour for 245 gold pieces
 23617 | Orc:2    | Identified the +0 leather armour of Fedhas's Approval {rC+
                  | rN+ Slay+2} (You bought it in a shop on level 2 of the
                  | Orcish Mines)
 23617 | Orc:2    | Bought an ancient orb for 490 gold pieces
 23617 | Orc:2    | Identified the orb of the Lair of Beasts {light, Str+4}
                  | (You bought it in a shop on level 2 of the Orcish Mines)
 23617 | Orc:2    | Bought a warped ring mail for 315 gold pieces
 23617 | Orc:2    | Identified the +0 ring mail "Ecukhua" {+Blink Fly rN+
                  | Slay+3} (You bought it in a shop on level 2 of the Orcish
                  | Mines)
 23908 | D:13     | Noticed Lodul
 23916 | D:13     | Killed Lodul
 24168 | D:13     | Received a gift from Trog
 24205 | D:13     | Noticed Erolcha
 24212 | D:13     | Killed Erolcha
 24591 | D:13     | Noticed Jorgrun
 24831 | D:13     | Killed Jorgrun
 25071 | D:14     | Found Kesuug's Weapon Emporium.
 25277 | D:14     | Noticed Agnes
 25287 | D:14     | Killed Agnes
 25339 | D:14     | Found a gate to the Vaults.
 25356 | D:14     | Found a gate leading to a gauntlet.
 25381 | Gauntlet | Entered a Gauntlet
 25381 | Gauntlet | Found a transporter.
 25381 | Gauntlet | Found a transporter.
 25381 | Gauntlet | Found a transporter.
 25382 | Gauntlet | Found a transporter.
 25385 | Gauntlet | Found a transporter.
 25385 | Gauntlet | Found a transporter.
 25395 | Gauntlet | Found a transporter.
 25399 | Gauntlet | Found a transporter.
 25411 | Gauntlet | Found a transporter.
 25413 | Gauntlet | Found a transporter.
 25413 | Gauntlet | Found a transporter.
 25437 | Gauntlet | Found a transporter.
 25620 | Gauntlet | Reached skill level 17 in Fighting
 25620 | Gauntlet | Reached skill level 14 in Evocations
 25659 | Gauntlet | Identified the ring of the Oily God {Ice rElec Int+3
                  | Slay+3}
 25710 | Gauntlet | Identified the amulet of Qilynt {Regen+ RegenMP+ Str+2
                  | Int+2}
 25737 | Gauntlet | Identified the +7 arbalest "Jigit" {drain, rCorr}
 25737 | Gauntlet | Identified the +6 short sword "Wathruum" {heavy, rPois
                  | Int+3}
 25752 | Gauntlet | Gained mutation: You sometimes emit foul miasma when
                  | damaged in melee. [demonic ancestry]
 25752 | Gauntlet | Reached XP level 16. HP: 89/141 MP: 16/16
 25752 | Gauntlet | Identified the +0 rapier of Magnificence {protect, rElec
                  | Will+ Str+5 Int+3}
 26346 | D:14     | Reached skill level 14 in Short Blades
 26454 | D:15     | Entered Level 15 of the Dungeon
 26495 | D:15     | Reached skill level 1 in Ranged Weapons
 26565 | D:15     | Found a staircase to the Depths.
 26690 | D:15     | Paralysed by an orc sorcerer for 3 turns
 26750 | D:15     | Reached skill level 2 in Ranged Weapons
 26750 | D:15     | Reached skill level 12 in Dodging
 27624 | D:4      | Bought a potion of heal wounds for 55 gold pieces
 27624 | D:4      | Bought a potion of resistance for 110 gold pieces
 27624 | D:4      | Bought a potion of haste for 110 gold pieces
 27624 | D:4      | Bought a potion of invisibility for 88 gold pieces
 27685 | D:4      | Bought a potion of curing for 54 gold pieces
 27835 | D:7      | Bought a scroll of fog for 44 gold pieces
 27835 | D:7      | Bought a scroll of fear for 44 gold pieces
 27835 | D:7      | Bought a scroll of revelation for 82 gold pieces
 27835 | D:7      | Bought a scroll of butterflies for 44 gold pieces
 27835 | D:7      | Bought a scroll of enchant armour for 82 gold pieces
 28052 | Shoals:1 | Entered Level 1 of the Shoals
 28128 | Shoals:1 | Reached skill level 3 in Ranged Weapons
 28336 | D:12     | Killed Kirke
 28381 | D:14     | Bought the +5 sling "Vattuigh" {antimagic, rC+} for 609
                  | gold pieces
 28844 | Shoals:1 | Received a gift from Trog
 29239 | Shoals:1 | Reached skill level 4 in Ranged Weapons
 29876 | Shoals:2 | Identified the +0 falchion of the Lurker {freeze, MP+9
                  | Stlth+}
 30188 | Shoals:2 | Reached skill level 15 in Evocations
 30196 | Shoals:2 | Reached skill level 5 in Ranged Weapons
 30255 | Shoals:2 | Noticed a kraken
 30413 | Shoals:2 | Killed a kraken
 30711 | Shoals:3 | Received a gift from Trog
 30803 | Shoals:3 | Reached XP level 17. HP: 149/149 MP: 17/17
 30885 | Shoals:3 | Identified the +7 chain mail of Attuff {+Blink rC+}
 30914 | Shoals:3 | Noticed a kraken
 30945 | Shoals:3 | Killed a kraken
 31096 | Shoals:3 | Reached skill level 13 in Dodging
 31106 | Shoals:3 | Reached skill level 18 in Fighting
 31366 | Shoals:3 | Found a runed translucent gate.
 31367 | Shoals:3 | Found a runed translucent gate.
 31368 | Shoals:3 | Found a runed translucent gate.
 31368 | Shoals:3 | Noticed Hicvu's ghost (adept DsGl)
 31593 | Shoals:4 | Entered Level 4 of the Shoals
 31739 | Shoals:4 | Noticed Polyphemus
 31795 | Shoals:4 | Reached skill level 6 in Ranged Weapons
 31806 | Shoals:4 | HP: 32/149 [satyr/arrow (24)]
 31807 | Shoals:4 | Shot with an arrow by a satyr

Illustrated notes

Levels and vault maps discovered:
D:1:      shiori_arrival_oz, layout_loops_corners
D:2:      layout_rooms, minmay_box_of_dots
D:3:      layout_basic, elyvilon_altar_5, uniq_sigmund
D:4:      layout_loops_ring, lemuel_tele_altar,
          grunt_dithmenos_smoke_and_mirrors, mainiacjoe_overflow_cross_hatched,
          serial_shops, shop, shop, shop, shop, shop, grunt_ministairs_3,
          uniq_edmund
D:5:      layout_basic, mainiacjoe_overflow_six_doors_small,
          minmay_temple_entry_stoned_glass
D:6:      layout_basic, nicolae_overflow_crystal_walls, uniq_maggie,
          uniq_menkaure
D:7:      layout_basic, serial_shops, shop, serial_bayou_crossing
D:8:      layout_cave_pods, amcnicky_mini_corridor_feature, serial_bayou_pond_e,
          eino_jars, uniq_joseph
D:9:      layout_basic, ashenzari_altar_1, mainiacjoe_overflow_alcove_3,
          ebering_ghost_inner_flame, nicolae_twisty_statue_hallways
D:10:     layout_big_octagon, nicolae_sif_muna_condensation, erik_lair_dragon,
          gammafunk_ghost_split
D:11:     layout_cave_pods, bh_walls_and_bars, uniq_fannar
D:12:     layout_cave_pools, hiddenorc2_lemuel, st_stairs_2, uniq_kirke
D:13:     layout_basic, hangedman_decor_clover_reticule, uniq_lodul,
          uniq_erolcha, uniq_jorgrun
D:14:     layout_cave_pods, david_vaults_1, serial_shops,
          nicolae_shop_bloodbath_and_beyond, serial_glass, glass_columns_a,
          glass_columns_a, hangedman_glass_teeth, gauntlet_entry_generic,
          uniq_agnes
D:15:     gammafunk_enter_depths_forms, layout_long_grid,
          nicolae_figureground_pulse, hangedman_corner_corridor
Temple:   eino_wide_crystal_templ
Lair:1:   layout_hall_layers, serial_rivers, chequers_serial_rivers_small_3,
          chequers_serial_rivers_large_a, chequers_serial_rivers_marsh,
          chequers_serial_rivers_marsh, chequers_serial_rivers_micro_a,
          chequers_serial_rivers_small_b
Lair:2:   nzn_winding_woodlands_three_and_one [nzn_winding_woodlands_5x15_pool,
          nzn_winding_woodlands_5x15_zeroes, nzn_winding_woodlands_5x15_parted,
          nzn_winding_woodlands_center_pierced_h], layout_chaotic_city,
          minmay_shoals_entry_lonely_mermaid, spider_nest_entry_rubble
Lair:3:   layout_regular_city, serial_bayou_lagoon_a, serial_bayou_shore_a,
          uniq_nergalle, uniq_sonja
Lair:4:   layout_cave_pods, minmay_slime_entry_eyes, st_stairs_5,
          nicolae_lair_grazing_beasts [nicolae_sub_lair_graze_edge,
          nicolae_sub_lair_graze_edge, nicolae_sub_lair_graze_edge,
          nicolae_sub_lair_graze_edge]
Lair:5:   hellmonk_lair_end_abyssal_woods, layout_cave_pods,
          kennysheep_basilisk_garden, lemuel_fruit_fields, lemuel_fruit_fields
Shoals:1: layout_shoals, ldierk_geyser
Shoals:2: layout_shoals, nicolae_shoals_kraken_intersection
Shoals:3: layout_shoals, gammafunk_ghost_tricky_traps,
          nicolae_shoals_hidden_pirate_stash
Shoals:4: shoals_end_hangedman, layout_shoals, serial_shops,
          nicolae_lakefront_shop, uniq_polyphemus
Orc:1:    layout_diamond_mine, regret_index_minedec_devilstone
Orc:2:    st_orc_open, layout_caves, ebering_ghost_rock_garden, uniq_urug

Skill      XL: |  1  2  3  4  5  6  7  8  9 10 11 12 13 14 15 16 17 |
---------------+----------------------------------------------------+-----
Fighting       | 3 4 5 6 7 9 10 11 12 13 14 15 16 17 18 | 18.1
Short Blades   | 3 5 7 8 9 10 11 13 14 | 14.0
Evocations     | 1 4 6 8 10 11 12 14 15 | 15.3
Dodging        | 3 5 7 9 10 11 12 13 | 13.1
Ranged Weapons | 5 6 |  6.0
Throwing       | |  1.7
Stealth        | |  3.6

Action                     |  1- 3 |  4- 6 |  7- 9 | 10-12 | 13-15 | 16-18 || total
---------------------------+-------+-------+-------+-------+-------+-------++-------
  Melee: Dagger            |   101 |   122 |    38 |       |       |       ||   261
         Headbutt          |     5 |    24 |    86 |   233 |   730 |   320 ||  1398
         Rapier            |       |       |   314 |   392 |       |       ||   706
         Kick              |       |       |   101 |   285 |       |       ||   386
         Quick blade       |       |       |       |   442 |  2214 |  1001 ||  3657
   Fire: Sling             |       |       |       |       |       |   128 ||   128
  Throw: Stone             |    19 |       |       |       |       |       ||    19
         Dart              |       |     9 |     3 |       |       |       ||    12
 Invoke: Trog's Hand       |       |       |       |     1 |     3 |     1 ||     5
         Brothers in Arms  |       |       |       |       |     2 |       ||     2
         Berserk           |       |       |       |       |     1 |       ||     1
Ability: Evoke Blink       |       |       |       |       |       |     4 ||     4
  Evoke: Wand              |       |       |     6 |    11 |     1 |     8 ||    26
         Box of beasts     |       |       |       |       |       |     2 ||     2
    Use: Scroll            |       |     8 |     7 |    12 |     9 |     7 ||    43
         Potion            |       |     3 |     8 |     1 |     3 |       ||    15
   Stab: Sleeping          |     5 |     4 |     3 |    11 |    11 |     7 ||    41
         Paralysed         |       |       |       |     4 |     1 |     1 ||     6
         Distracted        |       |       |       |     1 |     2 |       ||     3
         Petrified         |       |       |       |       |       |     2 ||     2
         Petrifying        |       |       |       |       |       |     1 ||     1
 Armour: Robe              |    56 |    61 |    54 |       |    77 |       ||   248
         Scale mail        |       |       |   298 |       |       |       ||   298
         Leather armour    |       |       |       |   340 |   107 |       ||   447
         Skin              |       |       |       |     2 |       |       ||     2
         Chain mail        |       |       |       |       |   298 |    54 ||   352
         Ring mail         |       |       |       |       |    79 |   189 ||   268
  Dodge: Dodged            |    49 |    53 |   160 |   322 |   671 |   308 ||  1563
  Block: Other             |    19 |    27 |    82 |   187 |   276 |       ||   591
         Buckler           |       |       |       |       |    14 |   297 ||   311
   Form: Beast             |       |     1 |       |       |       |       ||     1
                           |       |       |     1 |       |       |       ||     1

Table legend: (Time is in decaauts)
 A = Elapsed time spent in this place.
 B = Non-inter-level travel time spent in this place.
 C = Inter-level travel time spent in this place.
 D = Time resting spent in this place.
 E = Time spent auto-exploring this place.
 F = Levels seen in this place.
 G = Mean time per level.
                   A        B        C        D        E       F      G
               +--------+--------+--------+--------+--------+-----+--------+
         Total |  31069 |  28137 |   2932 |    110 |  22362 |  28 | 1109.6 |
       Dungeon |  18440 |  16415 |   2025 |    103 |  13358 |  15 | 1229.3 |
        Temple |     31 |      2 |     29 |      0 |      0 |   1 |   31.0 |
          Lair |   6984 |   6485 |    499 |      0 |   5142 |   5 | 1396.8 |
        Shoals |   3188 |   2997 |    191 |      7 |   2146 |   4 |  797.0 |
  Orcish Mines |   1982 |   1796 |    186 |      0 |   1412 |   2 |  991.0 |
      Gauntlet |    441 |    441 |      0 |      0 |    303 |   1 |  441.0 |
               +--------+--------+--------+--------+--------+-----+--------+

Top non-repeatable levels by time:
    D:10: 2027 daAuts
  Lair:1: 1681 daAuts
    D:11: 1621 daAuts
     D:5: 1569 daAuts
    D:12: 1558 daAuts
  Lair:5: 1488 daAuts
     D:9: 1455 daAuts
     D:7: 1433 daAuts
  Lair:2: 1301 daAuts
  Lair:4: 1272 daAuts
  Lair:3: 1240 daAuts
     D:4: 1235 daAuts
     D:8: 1203 daAuts
Shoals:1: 1089 daAuts
   Orc:2: 1032 daAuts

Levels and vault maps discovered:
D:1:      shiori_arrival_oz, layout_loops_corners
D:2:      layout_rooms, minmay_box_of_dots
D:3:      layout_basic, elyvilon_altar_5, uniq_sigmund
D:4:      layout_loops_ring, lemuel_tele_altar,
          grunt_dithmenos_smoke_and_mirrors, mainiacjoe_overflow_cross_hatched,
          serial_shops, shop, shop, shop, shop, shop, grunt_ministairs_3,
          uniq_edmund
D:5:      layout_basic, mainiacjoe_overflow_six_doors_small,
          minmay_temple_entry_stoned_glass
D:6:      layout_basic, nicolae_overflow_crystal_walls, uniq_maggie,
          uniq_menkaure
D:7:      layout_basic, serial_shops, shop, serial_bayou_crossing
D:8:      layout_cave_pods, amcnicky_mini_corridor_feature, serial_bayou_pond_e,
          eino_jars, uniq_joseph
D:9:      layout_basic, ashenzari_altar_1, mainiacjoe_overflow_alcove_3,
          ebering_ghost_inner_flame, nicolae_twisty_statue_hallways
D:10:     layout_big_octagon, nicolae_sif_muna_condensation, erik_lair_dragon,
          gammafunk_ghost_split
D:11:     layout_cave_pods, bh_walls_and_bars, uniq_fannar
D:12:     layout_cave_pools, hiddenorc2_lemuel, st_stairs_2, uniq_kirke
D:13:     layout_basic, hangedman_decor_clover_reticule, uniq_lodul,
          uniq_erolcha, uniq_jorgrun
D:14:     layout_cave_pods, david_vaults_1, serial_shops,
          nicolae_shop_bloodbath_and_beyond, serial_glass, glass_columns_a,
          glass_columns_a, hangedman_glass_teeth, gauntlet_entry_generic,
          uniq_agnes
D:15:     gammafunk_enter_depths_forms, layout_long_grid,
          nicolae_figureground_pulse, hangedman_corner_corridor
Temple:   eino_wide_crystal_templ
Lair:1:   layout_hall_layers, serial_rivers, chequers_serial_rivers_small_3,
          chequers_serial_rivers_large_a, chequers_serial_rivers_marsh,
          chequers_serial_rivers_marsh, chequers_serial_rivers_micro_a,
          chequers_serial_rivers_small_b
Lair:2:   nzn_winding_woodlands_three_and_one [nzn_winding_woodlands_5x15_pool,
          nzn_winding_woodlands_5x15_zeroes, nzn_winding_woodlands_5x15_parted,
          nzn_winding_woodlands_center_pierced_h], layout_chaotic_city,
          minmay_shoals_entry_lonely_mermaid, spider_nest_entry_rubble
Lair:3:   layout_regular_city, serial_bayou_lagoon_a, serial_bayou_shore_a,
          uniq_nergalle, uniq_sonja
Lair:4:   layout_cave_pods, minmay_slime_entry_eyes, st_stairs_5,
          nicolae_lair_grazing_beasts [nicolae_sub_lair_graze_edge,
          nicolae_sub_lair_graze_edge, nicolae_sub_lair_graze_edge,
          nicolae_sub_lair_graze_edge]
Lair:5:   hellmonk_lair_end_abyssal_woods, layout_cave_pods,
          kennysheep_basilisk_garden, lemuel_fruit_fields, lemuel_fruit_fields
Shoals:1: layout_shoals, ldierk_geyser
Shoals:2: layout_shoals, nicolae_shoals_kraken_intersection
Shoals:3: layout_shoals, gammafunk_ghost_tricky_traps,
          nicolae_shoals_hidden_pirate_stash
Shoals:4: shoals_end_hangedman, layout_shoals, serial_shops,
          nicolae_lakefront_shop, uniq_polyphemus
Orc:1:    layout_diamond_mine, regret_index_minedec_devilstone
Orc:2:    st_orc_open, layout_caves, ebering_ghost_rock_garden, uniq_urug

Table legend: (Time is in decaauts)
 A = Elapsed time spent in this place.
 B = Non-inter-level travel time spent in this place.
 C = Inter-level travel time spent in this place.
 D = Time resting spent in this place.
 E = Time spent auto-exploring this place.
 F = Levels seen in this place.
 G = Mean time per level.
                   A        B        C        D        E       F      G
               +--------+--------+--------+--------+--------+-----+--------+
         Total |  31069 |  28137 |   2932 |    110 |  22362 |  28 | 1109.6 |
       Dungeon |  18440 |  16415 |   2025 |    103 |  13358 |  15 | 1229.3 |
        Temple |     31 |      2 |     29 |      0 |      0 |   1 |   31.0 |
          Lair |   6984 |   6485 |    499 |      0 |   5142 |   5 | 1396.8 |
        Shoals |   3188 |   2997 |    191 |      7 |   2146 |   4 |  797.0 |
  Orcish Mines |   1982 |   1796 |    186 |      0 |   1412 |   2 |  991.0 |
      Gauntlet |    441 |    441 |      0 |      0 |    303 |   1 |  441.0 |
               +--------+--------+--------+--------+--------+-----+--------+

Top non-repeatable levels by time:
    D:10: 2027 daAuts
  Lair:1: 1681 daAuts
    D:11: 1621 daAuts
     D:5: 1569 daAuts
    D:12: 1558 daAuts
  Lair:5: 1488 daAuts
     D:9: 1455 daAuts
     D:7: 1433 daAuts
  Lair:2: 1301 daAuts
  Lair:4: 1272 daAuts
  Lair:3: 1240 daAuts
     D:4: 1235 daAuts
     D:8: 1203 daAuts
Shoals:1: 1089 daAuts
   Orc:2: 1032 daAuts

Table legend:
 A = Kills in this place as a percentage of kills in the entire game.
 B = Kills by you in this place as a percentage of kills by you in the entire game.
 C = Kills by friends in this place as a percentage of kills by friends in the entire game.
 D = Other kills in this place as a percentage of other kills in the entire game.
 E = Experience gained in this place as a percentage of experience gained in the entire game.
 F = Experience gained in this place divided by the number of levels of this place that you have seen.
                   A       B       C       D       E      F
               +-------+-------+-------+-------+-------+----------------------
         Total | 100.0 | 100.0 | 100.0 |   N/A | 100.0 | 8279.2
       Dungeon |  46.1 |  45.7 |  66.7 |   N/A |  31.4 | 4854.7
          Lair |  29.4 |  30.0 |   0.0 |   N/A |  31.7 | 14681.2
        Shoals |  12.9 |  12.5 |  33.3 |   N/A |  25.7 | 14910.5
  Orcish Mines |  10.4 |  10.6 |   0.0 |   N/A |   9.6 | 11153.0
      Gauntlet |   1.2 |   1.2 |   0.0 |   N/A |   1.6 | 3644.0
               +-------+-------+-------+-------+-------+----------------------
